 Dungeon Crawl Stone Soup version 0.31-a0-240-gb923e448b6 (webtiles) character file.

Game seed: 9337719962369922280

370 qw the Shooter (level 6, -4/52 HPs)
             Began as a Minotaur Hexslinger on July 12, 2023.
             Succumbed to Sigmund's poison
             ... on level 4 of the Dungeon.
             The game lasted 00:01:34 (3260 turns).

qw the Shooter (Minotaur Hexslinger)                Turns: 3260, Time: 00:01:35

Health: -4/52      AC: 10    Str: 12    XL:     6   Next: 42%
Magic:  6/6        EV: 11    Int: 10    God:
Gold:   246        SH:  0    Dex: 15    Spells: 6/7 levels left

rFire   . . .        Y - +1 sling
rCold   + . .        (no shield)
rNeg    . . .        e - +0 ring mail
rPois   .            (helmet restricted)
rElec   .            i - +0 cloak
rCorr   .            (no gloves)
SInv    .            (no boots)
Will    .....        (no amulet)
Stlth   +            k - ring of protection from cold
HPRegen 0.28/turn    d - +4 ring of protection
MPRegen 0.10/turn

%: no passive effects
@: lethally poisoned (-4 -> -26)
A: horns 2, retaliatory headbutt
a: no special abilities


You were on level 4 of the Dungeon.
You visited 1 branch of the dungeon, and saw 4 of its levels.

You collected 246 gold pieces.


Innate Abilities, Weirdness & Mutations

You have a pair of horns on your head.
You reflexively headbutt those who attack you in melee.


   Skills:
 - Level 4.2 Fighting
 + Level 6.3 Ranged Weapons
 - Level 1.4 Armour
 - Level 2.1 Dodging
 - Level 1.0 Spellcasting
 - Level 2.0 Hexes


You had 6 spell levels left.
You knew the following spells:

 Your Spells              Type           Power      Damage    Failure   Level
a - Slow                  Hex            16%        N/A       32%         1

Your spell library contained the following spells:

 Spells                   Type           Power      Damage    Failure   Level
 Inner Flame              Hex/Fire       2%         N/A       83%         3
 Portal Projectile        Hex/Tloc       4%         N/A       83%         3
 Cause Fear               Hex            2%         N/A       97%         4

Inventory:

Hand Weapons
 Y - a +1 sling (weapon)
Armour
 e - a +0 ring mail (worn)
 i - a +0 cloak (worn)
Jewellery
 c - a ring of positive energy
 d - a +4 ring of protection (right hand)
 k - a ring of protection from cold (left hand)
Scrolls
 a - a scroll of enchant armour {unknown}
 b - a scroll of identify
Potions
 h - a potion of degeneration {unknown}
 j - a potion of brilliance {unknown}

Dungeon Overview and Level Annotations

Branches:
Dungeon (4/15)
 Temple: D:4-7

Altars:

Annotations:
D:4 Sigmund


Message History

Enter note:
Enter note:
Enter note: You shoot a sling bullet.
The sling bullet hits Sigmund.
Sigmund is lightly wounded.
Sigmund gestures at you while chanting. You resist with some effort.
You shoot a sling bullet. The sling bullet barely misses Sigmund.
You shoot a sling bullet.
The sling bullet closely misses Sigmund.
You shoot a sling bullet. The sling bullet barely misses Sigmund.
Sigmund mumbles some strange words.
Sigmund flickers and vanishes!
Deactivating autopickup; reactivate with Ctrl-A.
You shoot a sling bullet.
A magic dart appears from out of thin air!
The magic dart hits you.
You shoot a sling bullet. Something hits you!
You are poisoned.
You shoot a sling bullet.
You feel very sick. Something hits you!
You shoot a sling bullet.
You feel very sick.
You shoot a sling bullet.
You feel sick. Something hits you.
You are more poisoned.
You shoot a sling bullet.
You feel very sick. Something completely misses you.
You shoot a sling bullet.
You feel sick. Something hits you.
You are lethally poisoned!
You shoot a sling bullet.
You feel very sick. Something hits you.
You are more poisoned.
You shoot a sling bullet.
You die...

.#.......###...#
#........##...#
#..<...####...#
###.#### #8...8 ##.###
####...#
##..#8###8##..(# #.
#...............
#..#####...............
#...{.@#...............
#.####.#...#8###8##...#
#.....########...#
####.......##8...8
.....)....##...#
..........##...#
#.....:...##...#
#......<..#8...8
#.........##...#


There were no monsters in sight!

Vanquished Creatures
  A jelly (D:3)
  2 orc priests
  Ijyb (D:4)
  2 orc wizards
  A gnoll (D:1)
  6 adders
  3 worms
  A dart slug (D:1)
  12 orcs
  6 bats (D:1)
  12 endoplasms
  3 giant cockroaches
  6 hobgoblins
  2 jackals (D:1)
  6 quokkas
  10 ball pythons
  6 frilled lizards
  12 goblins
  4 kobolds
  4 rats
100 creatures vanquished.

Vanquished Creatures (others)
  An orc wizard (D:2)
1 creature vanquished.

Grand Total: 101 creatures vanquished

Notes
Turn   | Place    | Note
-------+----------+-------------------------------------------
     0 | D:1      | qw the Minotaur Hexslinger began the quest for the Orb.
     0 | D:1      | Reached XP level 1. HP: 16/16 MP: 1/1
     0 | D:1      | 0 ||| qw: Version: 0.3-a-52-g30416fa
     0 | D:1      | 0 ||| qw: Game counter: 6173
     0 | D:1      | 0 ||| qw: Melee chars always use a shield: true
     0 | D:1      | 0 ||| qw: God list: Okawaru
     0 | D:1      | 0 ||| qw: Allow faded altars: false
     0 | D:1      | 0 ||| qw: Do Orc after clearing Dungeon:15 true
     0 | D:1      | 0 ||| qw: Do second Lair branch before Depths: true
     0 | D:1      | 0 ||| qw: Lair rune preference: random
     0 | D:1      | 0 ||| qw: Goals: Normal
     0 | D:1      | 0 ||| PLANNING D:1-11
    51 | D:1      | Reached skill level 3 in Ranged Weapons
    51 | D:1      | Reached XP level 2. HP: 11/23 MP: 2/2
   193 | D:1      | 193 ||| FLEEEEING.
   196 | D:1      | 196 ||| FLEEEEING.
   198 | D:1      | 198 ||| FLEEEEING.
   199 | D:1      | 199 ||| FLEEEEING.
   200 | D:1      | 200 ||| FLEEEEING.
   202 | D:1      | 202 ||| FLEEEEING.
   203 | D:1      | 203 ||| FLEEEEING.
   204 | D:1      | 204 ||| FLEEEEING.
   205 | D:1      | 205 ||| FLEEEEING.
   206 | D:1      | 206 ||| FLEEEEING.
   207 | D:1      | 207 ||| FLEEEEING.
   208 | D:1      | 208 ||| FLEEEEING.
   376 | D:1      | Reached XP level 3. HP: 20/29 MP: 3/3
   682 | D:1      | Reached skill level 4 in Ranged Weapons
   860 | D:1      | 860 ||| UPGRADING to +0 ring mail.
   870 | D:1      | 870 ||| DROPPING +0 robe.
   871 | D:1      | 871 ||| UPGRADING to +0 cloak.
   876 | D:1      | 876 ||| UPGRADING to ring of positive energy.
   877 | D:1      | 877 ||| READING scroll labelled WUKHLA FIETYWN.
   878 | D:1      | 878 ||| READING scroll labelled GYSAOF WUEMAITS.
   879 | D:1      | 879 ||| READING scroll labelled NIPSITW AFEX.
   880 | D:1      | 880 ||| DRINKING 2 black potions.
   881 | D:1      | 881 ||| DROPPING scroll of poison.
   906 | D:2      | 906 ||| STAIRDANCE
  1015 | D:2      | Reached skill level 1 in Armour
  1049 | D:2      | Reached XP level 4. HP: 35/36 MP: 4/4
  1091 | D:2      | 1091 ||| Stepping ~*~*~tactically~*~*~ (outnumbered).
  1099 | D:2      | Reached skill level 5 in Ranged Weapons
  1101 | D:2      | 1101 ||| FLEEEEING.
  1102 | D:2      | 1102 ||| FLEEEEING.
  1103 | D:2      | 1103 ||| FLEEEEING.
  1104 | D:2      | 1104 ||| FLEEEEING.
  1110 | D:2      | 1110 ||| FLEEEEING.
  1111 | D:2      | 1111 ||| FLEEEEING.
  1112 | D:2      | 1112 ||| FLEEEEING.
  1113 | D:2      | 1113 ||| FLEEEEING.
  1124 | D:2      | 1124 ||| FLEEEEING.
  1126 | D:2      | 1126 ||| FLEEEEING.
  1127 | D:2      | 1127 ||| FLEEEEING.
  1130 | D:2      | 1130 ||| FLEEEEING.
  1132 | D:2      | 1132 ||| DRINKING potion of curing.
  1132 | D:2      | 1132 ||| (to cure confusion)
  1133 | D:2      | 1133 ||| FLEEEEING.
  1134 | D:2      | 1134 ||| FLEEEEING.
  1135 | D:2      | 1135 ||| FLEEEEING.
  1150 | D:2      | Reached skill level 3 in Fighting
  1150 | D:2      | Reached XP level 5. HP: 23/45 MP: 5/5
  1728 | D:2      | 1728 ||| UPGRADING to +4 ring of protection.
  1729 | D:2      | 1729 ||| DROPPING ring of magical power.
  1730 | D:2      | 1730 ||| UPGRADING to ring of protection from cold.
  1732 | D:2      | 1732 ||| READING 2 scrolls labelled ZAANINK NESEL.
  1733 | D:2      | 1733 ||| DROPPING scroll of blinking.
  1757 | D:3      | 1757 ||| PLANNING SEWER
  1870 | D:3      | 1870 ||| Stepping ~*~*~tactically~*~*~ (outnumbered).
  1894 | D:3      | Reached skill level 6 in Ranged Weapons
  2450 | D:3      | 2450 ||| DRINKING potion of curing.
  2450 | D:3      | 2450 ||| (to cure confusion)
  2455 | D:3      | Reached XP level 6. HP: 51/51 MP: 6/6
  2462 | D:3      | 2462 ||| RIP SEWER
  2515 | D:3      | 2515 ||| PLANNING D:1-11
  2546 | D:3      | 2546 ||| DROPPING ring of wizardry.
  2547 | D:3      | 2547 ||| READING scroll labelled IKLUIPT COBY.
  2837 | D:4      | HP: 8/52 [orc/+0 trident (6)]
  2840 | D:4      | 2840 ||| FLEEEEING.
  2841 | D:4      | 2841 ||| FLEEEEING.
  2842 | D:4      | 2842 ||| FLEEEEING.
  2843 | D:4      | 2843 ||| FLEEEEING.
  2844 | D:4      | 2844 ||| FLEEEEING.
  2845 | D:4      | 2845 ||| FLEEEEING.
  2846 | D:4      | 2846 ||| FLEEEEING.
  2847 | D:4      | 2847 ||| STAIRDANCE
  2992 | D:3      | 2992 ||| READING 2 scrolls of identify.
  2992 | D:3      | 2992 ||| IDENTIFYING smoky grey potion
  2993 | D:3      | 2993 ||| DROPPING potion of attraction.
  3126 | D:4      | Noticed Ijyb
  3132 | D:4      | Paralysed by Ijyb for 4 turns
  3139 | D:4      | Killed Ijyb
  3247 | D:4      | Noticed Sigmund
  3257 | D:4      | HP: 12/52 [poisoned by Sigmund]
  3259 | D:4      | HP: 4/52 [poisoned by Sigmund]
  3260 | D:4      | Succumbed to Sigmund's poison

Levels and vault maps discovered:
D:1:      lemuel_arrival_broad_hall, layout_basic, hangedman_decor_opposing,
          hangedman_feature_mirror, nrook_campfire, minmay_tetromino_s4
D:2:      cheibrodos_pilgrimage, layout_loops_ring, minmay_tree_intersection,
          chequers_mini_garden, minmay_tripent
D:3:      layout_basic, gup_sewer_entry_bowl, kennysheep_generic_room_10
D:4:      layout_rooms, serial_corexii_hall, corexii_hall_statues_x,
          corexii_hall_statues_i, corexii_hall_statues_l,
          corexii_hall_statues_s, uniq_ijyb, uniq_sigmund

Skill      XL: |  1  2  3  4  5  6 |
---------------+-------------------+-----
Ranged Weapons | 3 4 5 6 |  6.3
Fighting       | 2 3 4 |  4.2
Armour         | 1 |  1.4
Dodging        | |  2.1
Spellcasting   | |  1.0
Hexes          | |  2.0

Action                     |  1- 3 |  4- 6 || total
---------------------------+-------+-------++-------
   Fire: Sling             |   116 |   219 ||   335
    Use: Scroll            |     3 |     3 ||     6
         Potion            |     1 |     2 ||     3
 Armour: Robe              |     5 |       ||     5
         Ring mail         |    12 |    35 ||    47
  Dodge: Dodged            |    47 |    65 ||   112

Table legend:
 A = Non-vault XP
 B = Vault XP
 C = Vault XP percentage of total XP
 D = Non-vault monster count
 E = Vault monster count
 F = Vault count percentage of total count
                 A         B        C        D         E       F
            +---------+---------+-------+---------+---------+-------
      Total |     379 |     150 |  28.4 |      88 |      13 |  12.9
            +---------+---------+-------+---------+---------+-------
        D:1 |      71 |       2 |   2.7 |      33 |       1 |   2.9
        D:2 |      70 |     104 |  59.8 |      18 |       8 |  30.8
        D:3 |     152 |       8 |   5.0 |      22 |       3 |  12.0
        D:4 |      86 |      36 |  29.5 |      15 |       1 |   6.2
            +---------+---------+-------+---------+---------+-------
